 Dungeon Crawl Stone Soup version 0.19.0-19-g8c6edcc (webtiles) character file.

1035 LaserOtto the Cleaver (level 8, -1/66 HPs)
             Began as a Hill Orc Fighter on Nov 15, 2016.
             Slain by a gnoll
             ... wielding a +0 spear
              (9 damage)
             ... on level 5 of the Dungeon.
             The game lasted 00:14:00 (3875 turns).

LaserOtto the Cleaver (Hill Orc Fighter)            Turns: 3875, Time: 00:14:03

Health: -1/66      AC:  5    Str: 26    XL:     8   Next: 24%
Magic:  8/8        EV: 10    Int:  8    God:
Gold:   272        SH:  0    Dex: 13    Spells: 0 memorised, 7 levels left

rFire  + . .     SeeInvis .     a - +1 war axe
rCold  . . .     Gourm    .     w - +0 ring mail "Hoxkanex" {*Drain rF+ Regen+ Dex+3}
rNeg   . . .     Faith    .     (no shield)
rPois  .         Spirit   .     (no helmet)
rElec  .         Reflect  .     (no cloak)
rCorr  .         Harm     .     (no gloves)
MR     .....                    (no boots)
Stlth  +.........               (no amulet)
                                (no ring)
                                (no ring)

@: mighty, lethally poisoned (-1 -> -1)
A: no striking features
a: no special abilities


You were on level 5 of the Dungeon.
You were not hungry.

You visited 1 branch of the dungeon, and saw 5 of its levels.

You collected 272 gold pieces.

Inventory:

Hand Weapons
 a - a +1 war axe (weapon)
Armour
 b - a +0 scale mail
 h - a +0 plate armour
 w - the +0 ring mail "Hoxkanex" (worn) {*Drain rF+ Regen+ Dex+3}
   (You found it on level 5 of the Dungeon)

   It affects your dexterity (+3).
   It protects you from fire.
   It increases your rate of regeneration.
   It causes draining when unequipped.
Jewellery
 s - an uncursed amulet of faith
Wands
 p - a wand of confusion (17/48)
Scrolls
 e - 4 scrolls of remove curse
 g - 2 scrolls of enchant weapon
 i - a scroll of recharging {unknown}
 k - a scroll of amnesia {unknown}
 o - a scroll of blinking {unknown}
 q - a scroll of teleportation {unknown}
 v - a scroll of enchant armour {unknown}
Potions
 c - a potion of flight {unknown}
 d - a potion of might
 l - 2 potions of heal wounds {unknown}
 m - a potion of agility {unknown}
 n - 2 potions of curing
 t - a potion of haste {unknown}
 u - a potion of cancellation {unknown}
Comestibles
 f - 6 bread rations
 j - 2 slices of pizza
 r - 3 fruits


   Skills:
 - Level 3.9 Fighting
 * Level 12.0 Axes
 - Level 3.4 Armour
   Level 3.3 Shields


You had 7 spell levels left.
You didn't know any spells.

Dungeon Overview and Level Annotations

Branches:
Dungeon (5/15)
 Temple: D:4-7

Altars:
Dithmenos
Makhleb

Shops:
D:4 =


Message History

The scorpion is moderately wounded.
You hit the gnoll.
The scorpion stings you but does no damage.
The gnoll closely misses you.
You hit the scorpion.
The scorpion is heavily wounded.
You slash the gnoll!
You kill the gnoll!
The gnoll barely misses you. The scorpion stings you.
* * * LOW HITPOINT WARNING * * *
You are poisoned.
The scorpion poisons you!
You closely miss the scorpion.
The scorpion is heavily wounded.
You slash the gnoll!
You kill the gnoll!
Your Axes skill increases to level 12!
You feel sick.
The gnoll hits you from afar with a spear!
You die...

.......................###
...................#...#
...................##.(#
..........#.._..#####..#
#######.###.....#......######
#.# #.....#.####....... #.#
#.#####.#####(###..
#.###.#)g.........###..
#.....@sg..>...........
#####>#.###..)###.###..
#.....<............
###.#####...#.###.# #.#
###.#.# #.# #.# #.#.# #.# #.#
.#.# #.# ##.## #.# #.#
##...## #.. ..#


You could see a scorpion and 2 gnolls.

Vanquished Creatures
  The ghost of Gottschkopf the Skirmisher, an amateur MiFi (D:4)
  An ice beast (D:3)
  2 ogres
  Blork the orc (D:4)
  A scorpion (D:4)
  Crazy Yiuf (D:3)
  A centaur skeleton (D:4)
  A gnoll shaman (D:5)
  A hound (D:4)
  3 iguanas
  Ijyb (D:3)
  4 worker ants
  2 worker ant zombies (D:5)
  3 gnolls (D:5)
  8 adders
  3 worms
  2 dart slugs (D:1)
  4 leopard geckos
  6 orcs
  5 bats
  4 giant cockroaches
  16 goblins
  9 hobgoblins
  13 jackals
  3 quokkas
  2 ball pythons
  10 frilled lizards
  7 kobolds
  11 rats
126 creatures vanquished.

Notes
Turn   | Place    | Note
-------+----------+-------------------------------------------
     0 | D:1      | LaserOtto the Hill Orc Fighter began the quest for the Orb.
     0 | D:1      | Reached XP level 1. HP: 19/19 MP: 1/1
   290 | D:1      | Reached skill level 3 in Axes
   290 | D:1      | Reached XP level 2. HP: 25/27 MP: 2/2
   390 | D:1      | Reached skill level 4 in Axes
   521 | D:1      | Reached XP level 3. HP: 33/33 MP: 3/3
  1203 | D:2      | Reached skill level 5 in Axes
  1203 | D:2      | Reached XP level 4. HP: 40/40 MP: 4/4
  1731 | D:2      | Found a shadowy altar of Dithmenos.
  1901 | D:3      | Reached skill level 6 in Axes
  1935 | D:3      | Reached XP level 5. HP: 39/46 MP: 5/5
  2006 | D:3      | Noticed Ijyb
  2018 | D:3      | Killed Ijyb
  2071 | D:3      | Noticed an ice beast
  2085 | D:3      | Killed an ice beast
  2085 | D:3      | Reached skill level 7 in Axes
  2085 | D:3      | Reached XP level 6. HP: 44/52 MP: 6/6
  2152 | D:3      | Found a runed door.
  2156 | D:3      | Noticed Crazy Yiuf
  2164 | D:3      | Killed Crazy Yiuf
  2164 | D:3      | Reached skill level 8 in Axes
  2441 | D:4      | Noticed Blork the orc
  2449 | D:4      | Killed Blork the orc
  2566 | D:4      | Reached skill level 9 in Axes
  2675 | D:4      | Reached XP level 7. HP: 39/58 MP: 7/7
  2827 | D:4      | Found Veuhunot's Jewellery Emporium.
  2828 | D:4      | Noticed Gottschkopf's ghost (amateur MiFi)
  2916 | D:4      | Killed Gottschkopf's ghost
  2916 | D:4      | Reached skill level 10 in Axes
  3132 | D:4      | Reached skill level 11 in Axes
  3494 | D:5      | Entered Level 5 of the Dungeon
  3670 | D:5      | Reached XP level 8. HP: 60/66 MP: 8/8
  3752 | D:5      | Got a slimy ring mail
  3758 | D:5      | Identified the cursed +0 ring mail "Hoxkanex" {*Drain rF+ Regen+ Dex+3} (You found it on level 5 of the Dungeon)
  3844 | D:5      | Found a burning altar of Makhleb.
  3875 | D:5      | Reached skill level 12 in Axes
  3875 | D:5      | Slain by a gnoll

Skill      XL: |  1  2  3  4  5  6  7  8 |
---------------+-------------------------+-----
Axes           | 3 4 5 6 7 9 11 12 | 12.0
Fighting       | |  3.9
Armour         | |  3.4
Shields        | |  3.3

Action                   |  1- 3 |  4- 6 |  7- 9 || total
-------------------------+-------+-------+-------++-------
Melee: War axe           |   138 |   169 |   125 ||   432
Evoke: Wand              |       |     1 |       ||     1
  Use: Scroll            |       |     5 |     3 ||     8
       Potion            |       |       |     2 ||     2
  Eat: Chunk             |     1 |     5 |     2 ||     8
       Fruit             |       |       |     3 ||     3
Armor: Scale mail        |    57 |    56 |    29 ||   142
       Ring mail         |       |       |     3 ||     3
Dodge: Dodged            |    42 |    69 |    50 ||   161
Block: Shield            |    67 |    53 |       ||   120
